 Dungeon Crawl Stone Soup version 0.28-a0-1447-ga5a8893891 (webtiles) character file.

Game seed: 5104063610048108927

543 shadowrider38 the Changer (level 7, -4/48 HPs)
             Began as an Octopode Transmuter on Jan 10, 2022.
             Slain by a water moccasin (8 damage)
             ... on level 5 of the Dungeon.
             The game lasted 00:10:57 (6754 turns).

shadowrider38 the Changer (Octopode Transmuter)     Turns: 6754, Time: 00:10:57

Health: -4/48      AC:  1    Str: 10    XL:     7   Next: 27%
Magic:  9/10       EV: 14    Int: 19    God:
Gold:   219        SH:  0    Dex: 14    Spells: 9/10 levels left

rFire   + . .      SeeInvis .   a - +3 flail of the Protecting Seer {vorpal, rF+ Int+4}
rCold   + . .      Faith    .   (no shield)
rNeg    . . .      Spirit   .   (helmet currently unavailable)
rPois   .          Reflect  .   (no amulet)
rElec   .          Harm     .   f - ring of protection from cold
rCorr   .          Rampage  .   (no ring)
Will    .....                   (no ring)
Stlth   ++........              (no ring)
HPRegen 0.16/turn               (no ring)
MPRegen 0.12/turn               (no ring)
                                (no ring)
                                (no ring)

@: lethally poisoned (-4 -> -49), appendages
A: tentacle spike 3, almost no armour, amphibious, 8 rings, camouflage 1,
gelatinous body 1, (nimble swimmer 1), tentacles
a: End Transformation


You were on level 5 of the Dungeon.
One of your tentacles had grown a beastly spike.
You visited 1 branch of the dungeon, and saw 5 of its levels.

You collected 219 gold pieces.

Inventory:

Hand Weapons
 a - the +3 flail of the Protecting Seer (weapon) {vorpal, rF+ Int+4}
   (You found it on level 4 of the Dungeon)

   It inflicts extra damage upon your enemies.
   Int:       It affects your intelligence (+4).
   rF:        It protects you from fire.
Missiles
 e - 109 stones
 k - 4 javelins
 r - 4 boomerangs
Jewellery
 f - a ring of protection from cold (left tentacle)
Scrolls
 b - 2 scrolls of magic mapping {unknown}
 d - 5 scrolls of identify {unknown}
 g - a scroll of acquirement {unknown}
 h - a scroll of immolation {unknown}
 j - a scroll of enchant weapon {unknown}
 n - a scroll of teleportation {unknown}
 q - a scroll of enchant armour {unknown}
 u - a scroll of silence {unknown}
Potions
 c - a potion of attraction {unknown}
 i - 2 potions of cancellation {unknown}
 l - 2 potions of flight {unknown}
 m - 3 potions of lignification {unknown}
 o - a potion of heal wounds {unknown}
 p - a potion of berserk rage {unknown}
 s - a potion of curing {unknown}
 t - a potion of haste {unknown}


   Skills:
 - Level 4.0 Fighting
 - Level 4.0 Dodging
 - Level 3.0 Unarmed Combat
 - Level 2.0 Spellcasting
 + Level 5.6 Transmutations


You had 9 spell levels left.
You knew the following spells:

 Your Spells              Type           Power      Damage    Failure   Level
a - Beastly Appendage     Tmut           46%        N/A       1%          1

Your spell library contained the following spells:

 Spells                   Type           Power      Damage    Failure   Level
 Wereblood                Tmut           23%        N/A       2%          2
 Spider Form              Tmut/Pois      12%        N/A       16%         3
 Blade Hands              Tmut           11%        N/A       43%         5
 Tukima's Dance           Hex            1%         N/A       45%         3
 Ice Form                 Ice/Tmut       12%        N/A       47%         4
 Irradiate                Conj/Tmut      6%         3d15      83%         5
 Anguish                  Hex/Necr       0%         N/A       86%         4
 Dragon Form              Tmut           11%        N/A       100%        7
 Enfeeble                 Hex            0%         N/A       100%        7


Dungeon Overview and Level Annotations

Branches:
Dungeon (5/15)
 Temple: D:4-7

Altars:
Fedhas
Nemelex Xobeh
Wu Jian

Annotations:
D:2 exclusion: downstairs, Sigmund
D:3 1 runed translucent door, Crazy Yiuf
D:4 exclusion: downstairs


Innate Abilities, Weirdness & Mutations

One of your tentacles has grown a beastly spike.
You cannot wear most types of armour.
You are amphibious.
You can wear up to eight rings at the same time.
Your skin changes colour to match your surroundings (Stealth+).
Your rubbery body absorbs attacks. (AC +1, EV +1)
((You are camouflaged when in or above water. (Stealth+)))
You have tentacles for arms and can constrict up to eight enemies at once.


Message History

A kobold and a water moccasin come into view.
The kobold moves out of view.
A water moccasin is nearby!
A water moccasin is nearby!
A water moccasin is nearby!
A kobold comes into view. It is wielding a +0 club.
A worm comes into view.
Casting: Beastly Appendage (safe; 1% risk of failure)
Press: ? - help, Q - select action, (/) - cycle Dir - look around, f - activate One of your tentacles grows a vicious spike.
The water moccasin barely misses you.
You barely miss the water moccasin. Your grab misses the water moccasin.
You pierce the water moccasin.
The water moccasin is lightly wounded.
The water moccasin bites you.
You are poisoned.
The water moccasin poisons you! The water moccasin bites you.
You are more poisoned.
The water moccasin poisons you!
You thump the water moccasin! Your grab misses the water moccasin.
Your tentacle spike misses the water moccasin.
The water moccasin is heavily wounded.
You feel extremely sick. The water moccasin bites you!
You are lethally poisoned!
The water moccasin poisons you!
An iguana comes into view.
The water moccasin bites you.
Unknown command.
You closely miss the water moccasin. You grab the water moccasin.
You pierce the water moccasin.
The water moccasin is severely wounded.
You constrict the water moccasin, but do no damage.
* * * LOW HITPOINT WARNING * * *
You feel extremely sick. The water moccasin bites you.
* * * LOW HITPOINT WARNING * * *
You are more poisoned.
The water moccasin poisons you! The water moccasin bites you!
You die...

.. ##........ #.. ###..######
#..######......#
#.........####.##
##...............#
##...........###....
.............# ####
#......S...#### ..####
#......@.>.....##
......##..........###..#
#####.........w..## #.######
#.....<..........#####.#....#
...######............†....##.#
#........l.####....#.###
#..........# ###......#
#..........# ##........
........<..# #.........


You could see a water moccasin, a worm and an iguana.

Vanquished Creatures
  A necrophage (D:5)
  A phantom (D:4)
  A scorpion (D:5)
  A centaur zombie (D:3)
  An orc priest (D:3)
  A centaur skeleton (D:4)
  Jessica (D:3)
  An iguana (D:5)
  Natasha (D:4)
  A hound zombie (D:5)
  3 gnolls (D:4)
  5 adders
  2 worms
  A dart slug (D:2)
  7 orcs
  4 endoplasms
  2 giant cockroaches (D:2)
  6 hobgoblins
  2 quokkas
  5 ball pythons
  5 bats
  A frilled lizard (D:3)
  7 goblins
  6 kobolds
  5 rats
71 creatures vanquished.

Notes
Turn   | Place    | Note
-------+----------+-------------------------------------------
     0 | D:1      | shadowrider38 the Octopode Transmuter began the quest for
                  | the Orb.
     0 | D:1      | Reached XP level 1. HP: 13/13 MP: 3/3
   456 | D:1      | Reached XP level 2. HP: 9/19 MP: 3/5
   798 | D:1      | Found a faded altar of an unknown god.
  1219 | D:2      | Reached XP level 3. HP: 12/24 MP: 4/6
  1630 | D:2      | Noticed Sigmund
  2454 | D:3      | Found a sparkling altar of Nemelex Xobeh.
  2454 | D:3      | Found an ornate altar of the Wu Jian Council.
  2454 | D:3      | Found a blossoming altar of Fedhas.
  2613 | D:3      | Reached XP level 4. HP: 19/29 MP: 5/7
  2997 | D:3      | Noticed Jessica
  3134 | D:3      | Killed Jessica
  3135 | D:3      | Reached skill level 3 in Transmutations
  3135 | D:3      | Reached XP level 5. HP: 34/34 MP: 8/8
  4037 | D:3      | Found a runed translucent door.
  4038 | D:3      | Noticed Crazy Yiuf
  4147 | D:3      | Reached skill level 4 in Transmutations
  4322 | D:4      | Noticed Natasha
  4475 | D:4      | Killed Natasha
  4584 | D:4      | Reached XP level 6. HP: 38/42 MP: 7/9
  5387 | D:4      | Identified the +3 flail of the Protecting Seer {vorpal, rF+
                  | Int+4}
  5477 | D:4      | Noticed Natasha
  6179 | D:5      | Entered Level 5 of the Dungeon
  6206 | D:5      | Noticed a necrophage
  6493 | D:5      | Killed a necrophage
  6494 | D:5      | Reached skill level 5 in Transmutations
  6494 | D:5      | Reached XP level 7. HP: 48/48 MP: 8/10
  6754 | D:5      | Slain by a water moccasin

Illustrated notes

Levels and vault maps discovered:
D:1:      psy_arrival_spokes, layout_basic, chequers_ecumenical_altar_grove
D:2:      layout_loops_ring, minmay_misc_feat_hallway, hangedman_glass_teeth,
          skrybe_limestone_x, uniq_sigmund
D:3:      layout_loops_corners, grunt_temple_overflow_open, nrook_uturn,
          kennysheep_jessica_study, uniq_crazy_yiuf_cottage
D:4:      layout_basic, uniq_natasha
D:5:      layout_rooms, hangedman_decor_riveting

Skill      XL: |  1  2  3  4  5  6 |
---------------+-------------------+-----
Fighting       | 2 3 4 |  4.0
Dodging        | 3 4 |  4.0
Transmutations | 3 4 5 |  5.6
Unarmed Combat | |  3.0
Spellcasting   | |  2.0

Action                   |  1- 3 |  4- 6 |  7- 9 || total
-------------------------+-------+-------+-------++-------
Melee: Unarmed           |    63 |    71 |       ||   134
       Constrict         |    20 |    25 |     2 ||    47
       Kick              |    23 |    26 |     2 ||    51
       Tentacles         |    10 |    18 |       ||    28
       Punch             |     2 |     1 |       ||     3
       Flail             |       |    15 |     5 ||    20
Throw: Javelin           |       |     4 |       ||     4
       Boomerang         |       |     5 |       ||     5
 Cast: Beastly Appendage |    26 |    23 |     2 ||    51
 Stab: Sleeping          |    12 |     6 |       ||    18
Armor: Skin              |     4 |     3 |       ||     7
Dodge: Dodged            |    29 |    52 |     1 ||    82

Table legend: (Time is in decaauts)
 A = Elapsed time spent in this place.
 B = Non-inter-level travel time spent in this place.
 C = Inter-level travel time spent in this place.
 D = Time resting spent in this place.
 E = Time spent auto-exploring this place.
 F = Levels seen in this place.
 G = Mean time per level.
                   A        B        C        D        E       F      G
               +--------+--------+--------+--------+--------+-----+--------+
         Total |   6763 |   6177 |    586 |   2285 |   2957 |   5 | 1352.6 |
       Dungeon |   6763 |   6177 |    586 |   2285 |   2957 |   5 | 1352.6 |
               +--------+--------+--------+--------+--------+-----+--------+

Top non-repeatable levels by time:
     D:4: 1978 daAuts
     D:3: 1826 daAuts
     D:2: 1740 daAuts
     D:1: 895 daAuts
     D:5: 322 daAuts
